 Dungeon Crawl Stone Soup version 0.31-a0-232-gb1c03b2570 (webtiles) character file.

Game seed: 16958722842403659212

33 Ijustatesigmund the Stinger (level 3, -8/23 HPs)
             Began as an Octopode Venom Mage on July 7, 2023.
             Mangled by an iguana (11 damage)
             ... on level 2 of the Dungeon.
             The game lasted 00:01:29 (1255 turns).

Ijustatesigmund the Stinger (Octopode Venom Mage)   Turns: 1255, Time: 00:01:29

Health: -8/23      AC:  1    Str:  7    XL:     3   Next: 29%
Magic:  5/6        EV: 13    Int: 19    God:
Gold:   92         SH:  0    Dex: 12    Spells: 0/6 levels left

rFire   . . .        f - +0 mace
rCold   . . .        (no shield)
rNeg    . . .        (helmet restricted)
rPois   .            (no amulet)
rElec   .            (no ring)
rCorr   .            (no ring)
SInv    .            (no ring)
Will    .....        (no ring)
Stlth   +++          (no ring)
HPRegen 0.23/turn    (no ring)
MPRegen 0.10/turn    (no ring)
                     (no ring)

%: no passive effects
@: no status effects
A: almost no armour, amphibious, 8 rings, camouflage 1, gelatinous body 1,
(nimble swimmer 1), tentacles
a: no special abilities


You were on level 2 of the Dungeon.
You visited 1 branch of the dungeon, and saw 2 of its levels.

You collected 92 gold pieces.

Inventory:

Hand Weapons
 f - a +0 mace (weapon)
Missiles
 c - a throwing net
Scrolls
 d - a scroll of identify {unknown}
 e - a scroll of torment {unknown}
Potions
 a - a potion of magic
 b - a potion of resistance {unknown}


   Skills:
 + Level 1.4 Fighting
 - Level 2.0 Dodging
 - Level 2.6 Stealth
 + Level 2.4 Spellcasting
 - Level 1.0 Transmutations
 + Level 0.8 Air Magic
 + Level 4.1 Poison Magic


You couldn't memorise any spells.
You knew the following spells:

 Your Spells              Type           Power      Damage    Failure   Level
a - Sting                 Tmut/Pois      48%        1d5       5%          1
b - Poisonous Vapours     Pois/Air       22%        N/A       9%          2
c - Mephitic Cloud        Conj/Pois/Air  8%         N/A       24%         3

Your spell library contained the following spells:

 Spells                   Type           Power      Damage    Failure   Level
 Magic Dart               Conj           8%         1d3       16%         1
 Call Imp                 Summ           4%         N/A       24%         2
 Olgreb's Toxic Radiance  Pois           17%        N/A       30%         4


Dungeon Overview and Level Annotations

Branches:
Dungeon (2/15)

Altars:


Innate Abilities, Weirdness & Mutations

You cannot wear most types of armour.
You are amphibious.
You can wear up to eight rings at the same time.
Your skin changes colour to match your surroundings (Stealth+).
Your rubbery body absorbs attacks. (AC +1, EV +1)
((You are camouflaged when in or above water. (Stealth+)))
You have tentacles for arms and can constrict up to eight enemies at once.


Message History

You climb downwards.
The bat closely misses you. The bat barely misses you.
The bat closely misses you.
There is a stone staircase leading up here.
Casting: Poisonous Vapours (safe; 9% risk of failure)
Confirm with . or Enter, or press ? or * to list all spells.
Aiming: Sting (safe; 5% risk of failure)
Press: ? - help, Shift-Dir - straight line, f - bat
Aim: a bat (57% to hit)
The sting misses the bat.
The bat closely misses you.
Casting: Sting (safe; 5% risk of failure)
Confirm with . or Enter, or press ? or * to list all spells.
Aiming: Sting (safe; 5% risk of failure)
Press: ? - help, Shift-Dir - straight line, f/p - bat
Aim: a bat (57% to hit)
The sting hits the kobold.
The kobold is poisoned.
You kill the kobold!
The bat misses you. The bat hits you. The bat closely misses you.
You climb upwards.
There is a stone staircase leading down, spattered with blood here.
No target in view!
You start resting.
HP restored.
You start resting.
Magic restored.
You climb downwards.
The iguana bites you! The iguana misses you.
There is a stone staircase leading up here.
Casting: Sting (safe; 5% risk of failure)
Confirm with . or Enter, or press ? or * to list all spells.
Aiming: Sting (safe; 5% risk of failure)
Press: ? - help, Shift-Dir - straight line, f - iguana
Aim: an iguana (lightly wounded, 75% to hit)
The sting misses the iguana.
The iguana bites you!
Ouch! That really hurt!
* * * LOW HITPOINT WARNING * * *
Unknown command.
You hit the iguana. You grab the iguana.
The iguana is moderately wounded.
You constrict the iguana. The iguana bites you!
You die...

#.... #...
###... #...# .
# #...#
..#.######...#
...........Sb#
#..#.....#l#
#......l.#@#
#.#......#.#
#..S#+##.+
+........#
#........#
#........#
###......#
#......#
.......#


You could see an iguana, a bat and a ball python.

Vanquished Creatures
  An adder (D:1)
  3 dart slugs (D:1)
  4 bats (D:1)
  A giant cockroach (D:1)
  A goblin (D:1)
  3 hobgoblins (D:1)
  2 quokkas (D:1)
  2 kobolds
17 creatures vanquished.

Notes
Turn   | Place    | Note
-------+----------+-------------------------------------------
     0 | D:1      | Ijustatesigmund the Octopode Venom Mage began the quest for
                  | the Orb.
     0 | D:1      | Reached XP level 1. HP: 11/11 MP: 3/3
   560 | D:1      | Reached XP level 2. HP: 18/18 MP: 5/5
   563 | D:1      | Learned a level 2 spell: Poisonous Vapours
   615 | D:1      | Reached skill level 1 in Fighting
   819 | D:1      | Reached skill level 4 in Poison Magic
   962 | D:1      | Reached XP level 3. HP: 12/23 MP: 1/6
   970 | D:1      | Learned a level 3 spell: Mephitic Cloud
  1255 | D:2      | Mangled by an iguana

Illustrated notes

Levels and vault maps discovered:
D:1:      matt_arrival_grand_opening, layout_loops_ring
D:2:      layout_basic, kennysheep_generic_room_16, uniq_terence

Skill      XL: |  1  2 |
---------------+-------+-----
Fighting       | 1 |  1.4
Poison Magic   | 4 |  4.1
Dodging        | |  2.0
Stealth        | |  2.6
Spellcasting   | |  2.4
Transmutations | |  1.0
Air Magic      | |  0.8

Action                     || total
---------------------------++-------
  Melee: Unarmed           ||    22
         Constrict         ||    15
         Tentacles         ||     7
         Mace              ||    21
   Cast: Poisonous Vapours ||     8
         Sting             ||     3
   Stab: Sleeping          ||     1
 Armour: Skin              ||     7
  Dodge: Dodged            ||    48

Table legend: (Time is in decaauts)
 A = Elapsed time spent in this place.
 B = Non-inter-level travel time spent in this place.
 C = Inter-level travel time spent in this place.
 D = Time resting spent in this place.
 E = Time spent auto-exploring this place.
 F = Levels seen in this place.
 G = Mean time per level.
                   A        B        C        D        E       F      G
               +--------+--------+--------+--------+--------+-----+--------+
         Total |   1266 |   1259 |      7 |    470 |    622 |   2 |  633.0 |
       Dungeon |   1266 |   1259 |      7 |    470 |    622 |   2 |  633.0 |
               +--------+--------+--------+--------+--------+-----+--------+

Top non-repeatable levels by time:
     D:1: 1228 daAuts
     D:2: 37 daAuts
